 Dungeon Crawl Stone Soup version 0.25-a0-447-gff83419037 (webtiles) character file.

Game seed: 2230921287073488804, levelgen mode: deterministic

101 Gargoyl the Skirmisher (level 4, -8/38 HPs)
             Began as a Centaur Abyssal Knight on Jan 31, 2020.
             Was a Believer of Lugonu.
             Killed by divine providence
             ... invoked by an orc priest
              (11 damage)
             ... on level 3 of the Dungeon.
             The game lasted 00:04:03 (3691 turns).

Gargoyl the Skirmisher (Centaur Abyssal Knight)     Turns: 3691, Time: 00:04:04

Health: -8/38      AC:  7    Str: 14    XL:     4   Next: 48%
Magic:  5/5        EV:  4    Int: 11    God:    Lugonu [**....]
Gold:   158        SH:  0    Dex: 10    Spells: 3/3 levels left

rFire    . . .     SeeInvis .   e - +2 bardiche (vorpal)
rCold    . . .     Gourm    .   (shield currently unavailable)
rNeg     . . .     Faith    .   h - +0 chain mail
rPois    .         Spirit   .   (no helmet)
rElec    .         Reflect  .   (no cloak)
rCorr    .         Harm     .   (no gloves)
MR       .....     Rnd*Tele +   (no barding)
Stlth    ..........             (no amulet)
HPRegen  0.12/turn              f - ring of teleportation (curse)
MPRegen  0.09/turn              (no ring)

@: very quick
A: large, hooves 3, deformed body, speed 2, tough skin 3
a: Depart the Abyss, Bend Space, Renounce Religion


You were on level 3 of the Dungeon.
You worshipped Lugonu.
Lugonu was pleased with you.
You were hungry.

You visited 1 branch of the dungeon, and saw 3 of its levels.
You visited the Abyss 1 time.

You collected 158 gold pieces.

Inventory:

Hand Weapons
 a - a +1 hand axe
 e - a +2 vorpal bardiche (weapon)
Armour
 h - a +0 chain mail (worn)
Jewellery
 f - a cursed ring of teleportation (left hand)
 i - a cursed ring of attention {unknown}
Potions
 d - a potion of agility {unknown}
 g - a potion of haste {unknown}
Comestibles
 c - 4 rations


   Skills:
 + Level 3.5 Fighting
 + Level 1.9(2.2) Axes
 + Level 1.4(2.0) Polearms
 * Level 2.0 Armour
 * Level 1.4 Dodging
 * Level 2.6 Invocations


You had 3 spell levels left.
You didn't know any spells.
Your spell library was empty.

Dungeon Overview and Level Annotations

Branches:
Dungeon (3/15)

Altars:
Cheibriados
Kikubaaqudgha
Makhleb
Ru


Innate Abilities, Weirdness & Mutations

You have hooves in place of feet.
Armour fits poorly on your strangely shaped body.
You cover ground very quickly.
You have extremely tough skin. (AC +3)


Message History

There is a stone staircase leading down, spattered with blood here.
You start waiting.
Eating a chunk of flesh.
You eat the chunk of flesh.
This raw flesh tastes terrible.
You are feeling hungry.
You climb downwards.
There is a stone staircase leading up, spattered with blood here.
The orc priest invokes the aid of Beogh against you.
Beogh smites you!
The orc priest mumbles some strange prayers to Beogh against you.
Pain shoots through your body!
Attack whom?
Press: ? - help, Dir - move target cursor, f - orc priest
Aim: an orc priest, wielding a +0 dagger You reach to attack!
You closely miss the orc priest.
The orc wizard points at you and mumbles some strange words.
The puff of flame hits you!
* * * LOW HITPOINT WARNING * * *
The orc priest calls down the wrath of Beogh upon you.
Beogh smites you!
You die...

...... .# ..... .#
...# .+ ..###.#
#...#.#
#.#...###+## #
#...#.......
#..#<..@o......
.#..รท.....####
#........#.##
#.....#..#.#
......%...#.#####
.....##....o.....#
#..(^............#
.................#
...........b.#


You could see an orc priest and an orc wizard.

Vanquished Creatures
  4 adders (D:2)
  An ooze (D:1)
  A worm (D:2)
  2 leopard geckos (D:2)
  3 orcs (D:2)
  10 bats
  2 giant cockroaches
  9 hobgoblins
  2 jackals (D:2)
  2 frilled lizards (D:1)
  6 goblins
  7 kobolds
  5 rats
54 creatures vanquished.

Vanquished Creatures (others)
  4 toadstools (D:2)
4 creatures vanquished.

Grand Total: 58 creatures vanquished

Notes
Turn   | Place    | Note
-------+----------+-------------------------------------------
     0 | Abyss:1  | Gargoyl the Centaur Abyssal Knight began the quest for the
                  | Orb.
     0 | Abyss:1  | Reached XP level 1. HP: 19/19 MP: 2/2
    49 | Abyss:2  | Noticed a smoke demon
    51 | D:1      | Escaped the Abyss
   216 | D:1      | Reached * piety under Lugonu
   298 | D:1      | Reached XP level 2. HP: 22/26 MP: 3/3
   366 | D:1      | Reached skill level 1 in Dodging
  1527 | D:2      | Reached XP level 3. HP: 27/31 MP: 4/4
  1869 | D:2      | Found a snail-covered altar of Cheibriados.
  1869 | D:2      | Found an ancient bone altar of Kikubaaqudgha.
  1883 | D:2      | Found a sacrificial altar of Ru.
  2101 | D:2      | Reached skill level 1 in Polearms
  2228 | D:2      | Found a burning altar of Makhleb.
  2244 | D:2      | Reached XP level 4. HP: 24/38 MP: 5/5
  2858 | D:2      | Reached ** piety under Lugonu
  3691 | D:3      | Killed from afar by an orc priest

Levels and vault maps discovered:
D:1:      dpeg_arrival_signposts, layout_basic
D:2:      layout_basic, nicolae_overflow_hidden_temple,
          overflow_temple_1_default, corner_web_ring, minmay_gold_behind_fungi,
          hangedman_decor_lopped
D:3:      layout_rooms, lemuel_doored_altar, first_ration, uniq_robin,
          uniq_natasha, uniq_grinder

Skill      XL: |  1  2  3  4 |
---------------+-------------+-----
Dodging        | 1 |  1.4
Polearms       | 1 |  1.4
Armour         | 2 |  2.0
Fighting       | |  3.5
Axes           | |  1.9
Invocations    | |  2.6

Action                   |  1- 3 |  4- 6 || total
-------------------------+-------+-------++-------
Melee: Bardiche          |   118 |    58 ||   176
       Kick              |    14 |     6 ||    20
Invok: Depart the Abyss  |     1 |       ||     1
  Use: Potion            |     1 |       ||     1
       Scroll            |     1 |     1 ||     2
  Eat: Chunk             |     3 |     4 ||     7
Armor: Leather armour    |    68 |       ||    68
       Skin              |     1 |       ||     1
       Chain mail        |    35 |    96 ||   131
Dodge: Dodged            |    73 |    25 ||    98

Table legend:
 A = Non-vault XP
 B = Vault XP
 C = Vault XP percentage of total XP
 D = Non-vault monster count
 E = Vault monster count
 F = Vault count percentage of total count
                 A         B        C        D         E       F
            +---------+---------+-------+---------+---------+-------
      Total |     145 |       0 |   0.0 |      54 |       0 |   0.0
            +---------+---------+-------+---------+---------+-------
        D:1 |      40 |       0 |   0.0 |      23 |       0 |   0.0
        D:2 |     104 |       0 |   0.0 |      30 |       0 |   0.0
        D:3 |       1 |       0 |   0.0 |       1 |       0 |   0.0
            +---------+---------+-------+---------+---------+-------
